[Event "Titled Tuesday Blitz January 17 Early 2023"]
[White "Odegov, Artem"]
[Black "Indjic, Aleksandar"]
[WhiteFideId "34183644"]
[BlackFideId "911925"]
[WhiteElo "2261"]
[BlackElo "2618"]
[Result "0-1"]
[Round "03"]
[TimeControl "180+2"]
[Date "2023.01.17"]
[WhiteClock "0:00:03"]
[BlackClock "0:00:11"]

1. d4 Nf6 2. c4 c5 3. d5 b5 4. cxb5 a6 5. b6 d6 6. Nc3 Nbd7 7. e4 g6 8. a4 Qxb6 9. a5 Qa7 10. Bc4 Rb8 11. f4 Rb4 12. Qe2 Bg7 13. Nf3 O-O 14. O-O Qb8 15. h3 Ne8 16. Re1 Nc7 17. Ra4 Rxa4 18. Nxa4 Qb4 19. b3 Qb7 20. Bd2 Nb5 21. Kh2 Nd4 22. Nxd4 Bxd4 23. Qd3 Bg7 24. g4 h6 25. Bc3 Bxc3 26. Qxc3 Nf6 27. Qf3 Qb4 28. Re2 Qxa5 29. e5 Ne8 30. f5 dxe5 31. Rxe5 Qc7 32. Qg3 gxf5 33. gxf5+ Ng7 34. Nc3 Bxf5 35. Be2 Bg6 36. Ne4 Bxe4 37. Rxe4 Qxg3+ 38. Kxg3 Nf5+ 39. Kf4 Nd4 40. Bxa6 e6 41. dxe6 fxe6+ 42. Ke5 Rd8 43. Bc4 Kf7 44. Rf4+ Ke7 45. Rg4 Nc6+ 46. Kf4 Rd4+ 47. Kf3 Ne5+ 0-1


[Site "https://www.chess.com"]

[Event "Titled Tuesday Blitz January 17 Early 2023"]
[White "Aldokhin, Ivan"]
[Black "Baskakov, Egor"]
[WhiteFideId "24115720"]
[BlackFideId "24197866"]
[WhiteElo "2413"]
[BlackElo "2215"]
[Result "0-1"]
[Round "03"]
[TimeControl "180+2"]
[Date "2023.01.17"]
[WhiteClock "0:00:04"]
[BlackClock "0:00:28"]

1. e4 c5 2. Nf3 Nf6 3. Nc3 d5 4. exd5 Nxd5 5. Bb5+ Bd7 6. Ne5 e6 7. Qf3 Qf6 8. Nxd7 Nxd7 9. Nxd5 Qxf3 10. Nc7+ Kd8 11. Nxe6+ fxe6 12. gxf3 Bd6 13. Ke2 Nf6 14. d3 Rf8 15. Bg5 Kc7 16. Bxf6 Rxf6 17. Rag1 g6 18. h4 Raf8 19. Rh3 Rf4 20. Bc4 R8f6 21. h5 gxh5 22. Rg7+ Kc6 23. Rxh7 b5 24. Bb3 a5 25. a3 a4 26. Ba2 Be5 27. c3 b4 28. R7xh5 R4f5 29. Rxf5 exf5 30. d4 Bf4 31. axb4 cxb4 32. cxb4 Bc1 33. Kd3 Bxb2 34. Kc4 Rd6 35. Rh4 Kb6 36. Bb1 Rc6+ 37. Kd5 a3 38. Ba2 Rc2 39. Rh6+ Kb5 40. Bb3 Rd2 41. Ke6 Rxd4 42. Rh7 Kxb4 43. Rb7+ Kc3 44. Rb8 f4 45. Kf5 Bc1 46. Be6 Rd2 47. Rb3+ Kc2 48. Rb7 Rxf2 49. Ke4 Re2+ 50. Kf5 Rh2 51. Bd5 Rh8 52. Be4+ Kd2 53. Rd7+ Ke2 54. Rc7 Bb2 55. Bd5 Re8 56. Kxf4 Be5+ 57. Kf5 Bxc7 58. Bc6 Re5+ 0-1


[Site "https://www.chess.com"]

[Event "Titled Tuesday Blitz January 17 Early 2023"]
[White "Martynov, Pavel"]
[Black "Gareyev, Timur"]
[WhiteFideId "4101260"]
[BlackFideId "14200937"]
[WhiteElo "2414"]
[BlackElo "2617"]
[Result "0-1"]
[Round "03"]
[TimeControl "180+2"]
[Date "2023.01.17"]
[WhiteClock "0:00:04"]
[BlackClock "0:00:10"]

1. e4 d6 2. d4 g6 3. Nc3 a6 4. g3 b5 5. a3 Bb7 6. Bg2 Nd7 7. Nge2 e5 8. O-O Bg7 9. Be3 Ngf6 10. h3 c5 11. dxe5 Nxe5 12. f4 Nc4 13. Bc1 Qe7 14. b3 Nb6 15. e5 dxe5 16. Bxb7 Qxb7 17. fxe5 Rd8 18. Qe1 Ne4 19. Nxe4 Qxe4 20. Nf4 Qc6 21. Bb2 O-O 22. Qf2 c4 23. Bd4 Nd5 24. Rad1 Nxf4 25. Qxf4 Rd5 26. b4 c3 27. Bc5 Bxe5 28. Qf3 Rxc5 29. bxc5 Qxc5+ 30. Kg2 Qxa3 31. Rd7 Qa2 32. Rf2 a5 33. Qe2 Qe6 34. Qxb5 Bd6 35. Rb7 Qe4+ 36. Kh2 Qe3 37. Rg2 h5 38. h4 Qe4 39. Kh3 a4 40. Kh2 Qxh4+ 41. Kg1 Bxg3 42. Qb4 Qg5 43. Qb1 Qe3+ 44. Kh1 Qe4 45. Rb4 Qf3 46. Kg1 h4 47. Qf1 Qe3+ 48. Kh1 h3 49. Rxg3 Qxg3 50. Rd4 Re8 51. Rd3 Re1 52. Rxg3 Rxf1+ 53. Kh2 a3 54. Kxh3 a2 55. Rxc3 a1=Q 56. Rc8+ Kg7 0-1


[Site "https://www.chess.com"]

[Event "Titled Tuesday Blitz January 17 Early 2023"]
[White "Mohamed Anees M"]
[Black "Ozen, Bahadir"]
[WhiteFideId "35065815"]
[BlackFideId "6337058"]
[WhiteElo "2315"]
[BlackElo "2369"]
[Result "1-0"]
[Round "03"]
[TimeControl "180+2"]
[Date "2023.01.17"]
[WhiteClock "0:01:40"]
[BlackClock "0:00:12"]

1. c4 b6 2. Nc3 Bb7 3. e4 c5 4. g3 e6 5. Bg2 Nc6 6. Nge2 Nf6 7. O-O a6 8. d4 cxd4 9. Nxd4 Nxd4 10. Qxd4 Bc5 11. Qd3 O-O 12. Be3 Qc7 13. Bf4 d6 14. a3 e5 15. Bg5 Nd7 16. Rac1 h6 17. Bd2 Bd4 18. b4 Rfc8 19. Ne2 a5 20. Nxd4 exd4 21. Qxd4 axb4 22. axb4 Ne5 23. Bf4 Nxc4 24. Bxd6 Qxd6 25. Rxc4 Qxd4 26. Rxd4 Ra4 27. Rb1 Kf8 28. Rd6 b5 29. Rb6 Rc7 30. Rxb5 Ke7 31. e5 Bxg2 32. Kxg2 Ke6 33. Re1 Rc2 34. Rb6+ Kf5 35. Rb7 Ke6 36. Re3 Rb2 37. Rf3 Raxb4 38. Rbxf7 g5 39. R7f6+ Kxe5 40. Rxh6 Rb5 41. Rh5 Kd4 42. Rf8 Rc2 43. h4 Rcc5 44. Rxg5 Rxg5 45. hxg5 Rxg5 1-0


[Site "https://www.chess.com"]

[Event "Titled Tuesday Blitz January 17 Early 2023"]
[White "Omelja, Artem"]
[Black "Yuan, Qingyu"]
[WhiteFideId "14119846"]
[BlackFideId "8609772"]
[WhiteElo "2446"]
[BlackElo "2373"]
[Result "1-0"]
[Round "03"]
[TimeControl "180+2"]
[Date "2023.01.17"]
[WhiteClock "0:00:09"]
[BlackClock "0:00:04"]

1. e4 e5 2. Nf3 Nc6 3. Bb5 Nf6 4. O-O Nxe4 5. Re1 Nd6 6. Nxe5 Be7 7. Bf1 Nxe5 8. Rxe5 O-O 9. d4 Bf6 10. Re1 Re8 11. c3 Rxe1 12. Qxe1 Ne8 13. Bf4 d5 14. Nd2 Bf5 15. Nf3 Nd6 16. Bxd6 Qxd6 17. Qe3 Bd7 18. Re1 g6 19. Bd3 Re8 20. Qd2 c6 21. h3 Re6 22. Rxe6 Qxe6 23. Qe1 Qxe1+ 24. Nxe1 Bg5 25. Bc2 h5 26. Kf1 Kf8 27. Ke2 Ke7 28. Nd3 Kd6 29. Ne5 Be6 30. Kd1 Bf4 31. Nd3 Bh6 32. Ne5 c5 33. Nf3 b6 34. Bd3 Bd7 35. Ne5 Be8 36. Bb5 Bxb5 37. Nxf7+ Ke7 38. Nxh6 Kf6 39. g4 h4 40. Ke1 Bd7 41. f4 Kg7 42. g5 Bxh3 43. Kf2 a5 44. Kf3 a4 45. a3 Be6 46. Ng4 Bf5 47. Ne3 Be6 48. Ng2 h3 49. Ne3 Kf7 50. Kg3 Ke7 51. Nd1 Kd6 52. Nf2 Bf5 53. Nxh3 Ke6 54. Ng1 Be4 55. Nf3 Kf5 56. Nh4+ Ke6 57. Kg4 Bd3 58. Ng2 Be2+ 59. Kg3 Kf5 60. Nh4+ Ke4 61. Nxg6 cxd4 62. cxd4 Kxd4 63. Ne7 Ke4 64. g6 Bh5 65. g7 Bf7 66. g8=Q Bxg8 67. Nxg8 Ke3 68. Ne7 d4 69. Nf5+ Ke4 70. Nxd4 Kxd4 71. Kg4 Kc4 72. f5 Kb3 73. f6 Kxb2 74. f7 Kxa3 75. f8=Q+ Kb3 76. Qf3+ Kb2 77. Qc6 a3 78. Qxb6+ Ka1 79. Qc5 Kb2 80. Qb4+ Ka2 81. Kf3 Ka1 82. Qxa3+ Kb1 83. Qc3 Ka2 84. Qb4 1-0


[Site "https://www.chess.com"]

[Event "Titled Tuesday Blitz January 17 Early 2023"]
[White "Pak, Yevgeniy"]
[Black "Karthik Rajaa"]
[WhiteFideId "14201712"]
[BlackFideId "25035215"]
[WhiteElo "2384"]
[BlackElo "2276"]
[Result "0-1"]
[Round "03"]
[TimeControl "180+2"]
[Date "2023.01.17"]
[WhiteClock "0:00:21"]
[BlackClock "0:00:20"]

1. d4 Nf6 2. c4 g6 3. Nc3 Bg7 4. e4 d6 5. h3 O-O 6. Be3 e5 7. d5 Na6 8. Nf3 Nh5 9. Nd2 Qe8 10. g3 f5 11. exf5 gxf5 12. g4 f4 13. gxh5 fxe3 14. fxe3 Nc5 15. b4 e4 16. Qc2 Nd3+ 17. Bxd3 exd3 18. Qxd3 Qxh5 19. Rc1 Bf5 20. e4 Rae8 21. Ne2 Bg6 22. Rg1 Bh6 23. Rc2 Kh8 24. Ng3 Qh4 25. Kd1 Qxh3 26. Rh1 Qg4+ 27. Kc1 Rf3 28. Qd4+ Bg7 29. Qxa7 Rxg3 30. Qxb7 Rg1+ 0-1


[Site "https://www.chess.com"]

[Event "Titled Tuesday Blitz January 17 Early 2023"]
[White "Padmini, Rout"]
[Black "Postny, Evgeny"]
[WhiteFideId "5029295"]
[BlackFideId "2804344"]
[WhiteElo "2375"]
[BlackElo "2549"]
[Result "0-1"]
[Round "03"]
[TimeControl "180+2"]
[Date "2023.01.17"]
[WhiteClock "0:00:01"]
[BlackClock "0:00:11"]

1. e4 c5 2. Nf3 Nc6 3. d4 cxd4 4. Nxd4 Qb6 5. Nb3 e6 6. Nc3 Nf6 7. Qe2 Bb4 8. Bd2 d6 9. g4 O-O 10. g5 Nd7 11. O-O-O a5 12. a4 Nc5 13. Nxc5 Bxc5 14. f4 Bd7 15. Qh5 Rfc8 16. Bb5 Bd4 17. f5 g6 18. Qh4 Bg7 19. f6 Bf8 20. Bf4 Qc5 21. Qg3 Nd4 22. Be3 e5 23. Bxd4 exd4 24. Bxd7 dxc3 25. Bxc8 cxb2+ 26. Kb1 Rxc8 27. Rd2 d5 28. e5 Qb4 29. Rxd5 Qxa4 0-1


[Site "https://www.chess.com"]

[Event "Titled Tuesday Blitz January 17 Early 2023"]
[White "Goldin, Alexander"]
[Black "Rozman, Levy"]
[WhiteFideId "2019540"]
[BlackFideId "2039877"]
[WhiteElo "2542"]
[BlackElo "2322"]
[Result "0-1"]
[Round "03"]
[TimeControl "180+2"]
[Date "2023.01.17"]
[WhiteClock "0:00:10"]
[BlackClock "0:00:08"]

1. d4 g6 2. Nf3 Bg7 3. e4 d6 4. Nbd2 a6 5. c3 Nc6 6. d5 Nb8 7. g3 e5 8. dxe6 Bxe6 9. Bg2 Nc6 10. O-O Qd7 11. Ng5 Bg4 12. f3 Be6 13. Nxe6 fxe6 14. Bh3 O-O-O 15. Nb3 Kb8 16. Nd4 Nxd4 17. cxd4 Qf7 18. Be3 d5 19. e5 Ne7 20. Bg5 h6 21. Bxe7 Qxe7 22. Rc1 h5 23. Rf2 h4 24. Kg2 Bh6 25. Rc3 hxg3 26. hxg3 Rh7 27. Rf1 Rf8 28. Rh1 Rfh8 29. Bg4 Bd2 30. Bh3 Bxc3 31. bxc3 Qa3 32. Qc2 Qa5 33. a4 Qb6 34. Rh2 c5 35. dxc5 Qxc5 36. Rh1 Ka7 37. Qd2 Qc4 38. g4 Qxa4 39. Kg3 Qc4 40. Qf2+ Ka8 41. Qd2 Qc5 42. Bg2 Rxh1 43. Bxh1 Rxh1 44. Kf4 g5+ 45. Kxg5 Rh8 46. Kf4 Rf8+ 47. Kg3 Rd8 48. Kf4 d4 49. g5 Qxc3 0-1


[Site "https://www.chess.com"]

[Event "Titled Tuesday Blitz January 17 Early 2023"]
[White "Wagh Suyog"]
[Black "Ansh M Shah"]
[WhiteFideId "25071688"]
[BlackFideId "25033379"]
[WhiteElo "2313"]
[BlackElo "2171"]
[Result "0-1"]
[Round "03"]
[TimeControl "180+2"]
[Date "2023.01.17"]
[WhiteClock "0:01:23"]
[BlackClock "0:00:15"]

1. d4 Nf6 2. Bg5 e6 3. Nd2 d5 4. Ngf3 Be7 5. e3 O-O 6. Bd3 b6 7. Qe2 Bb7 8. Bxf6 Bxf6 9. e4 dxe4 10. Nxe4 Nd7 11. O-O-O Qe7 12. g4 c5 13. dxc5 Nxc5 14. g5 Nxe4 15. Bxe4 Bxb2+ 16. Kxb2 Qb4+ 17. Ka1 Bxe4 18. Qe3 Bxf3 19. Qxf3 Rac8 20. Rc1 Rc3 21. Qe2 Rfc8 22. Rhd1 g6 23. Rd7 R3c7 24. Rd3 Qf4 25. Re3 Qxg5 26. h4 Qxh4 27. Re4 Qg5 28. f4 Qd5 29. c4 Qf5 30. Rh1 Qf6+ 31. Kb1 a6 32. Qh2 h5 33. Rf1 Qf5 34. Qc2 Rxc4 35. Rxc4 Rxc4 36. Qxf5 exf5 37. Kb2 Kg7 38. Rf3 b5 39. Ra3 Rxf4 40. Rxa6 b4 41. Rd6 h4 42. Rd3 g5 0-1


[Site "https://www.chess.com"]

[Event "Titled Tuesday Blitz January 17 Early 2023"]
[White "Costachi, Mihnea"]
[Black "Mohammed, Dilshad"]
[WhiteFideId "1217518"]
[BlackFideId "5050421"]
[WhiteElo "2476"]
[BlackElo "2103"]
[Result "1-0"]
[Round "03"]
[TimeControl "180+2"]
[Date "2023.01.17"]
[WhiteClock "0:01:28"]
[BlackClock "0:00:02"]

1. Nc3 Nc6 2. e4 e5 3. Bc4 Nf6 4. d3 Bb4 5. f4 d5 6. exd5 Nxd5 7. Bd2 Bxc3 8. bxc3 Nxf4 9. Bxf4 exf4 10. Nf3 Qe7+ 11. Qe2 Qxe2+ 12. Kxe2 O-O 13. Rhf1 Bg4 14. Kd2 Bxf3 15. Rxf3 g5 16. Bd5 Ne5 17. Rff1 c6 18. Rae1 Ng4 19. Bb3 Ne3 20. Rf2 Rad8 21. g3 Ng4 22. Rfe2 f3 23. Re4 Nxh2 24. Ke3 Rde8 25. Kf2 Rxe4 26. Rxe4 h5 27. Re7 Kg7 28. d4 Kg6 29. Rxb7 f6 30. Rxa7 Kh6 31. Bc4 Rb8 32. Bd3 f5 33. Bxf5 g4 34. Kg1 Kg5 35. Bd3 Rb1+ 36. Kxh2 f2 37. Ra5+ Kh6 38. Rf5 Kg6 39. Rb5+ 1-0


[Site "https://www.chess.com"]

[Event "Titled Tuesday Blitz January 17 Early 2023"]
[White "Krysa, Leandro"]
[Black "Guliev, Logman"]
[WhiteFideId "116807"]
[BlackFideId "13400061"]
[WhiteElo "2541"]
[BlackElo "2250"]
[Result "1-0"]
[Round "03"]
[TimeControl "180+2"]
[Date "2023.01.17"]
[WhiteClock "0:01:03"]
[BlackClock "0:00:42"]

1. e4 c5 2. Nf3 e6 3. d4 cxd4 4. Nxd4 a6 5. a3 Qc7 6. c4 Nc6 7. Nc3 Nf6 8. Be2 Be7 9. Be3 O-O 10. Rc1 d6 11. O-O Nxd4 12. Bxd4 Bd7 13. b4 Rac8 14. Qd2 Rfd8 15. Qe3 Be8 16. Bb6 Qd7 17. Rfd1 h6 18. e5 Nh7 19. exd6 Bg5 20. f4 Bf6 21. Ne4 Qa4 22. Bxd8 Rxd8 23. Nxf6+ Nxf6 24. Bf3 a5 25. Qb6 Rb8 26. Qc7 Ra8 27. Bxb7 Ra7 28. Qb6 axb4 29. axb4 Kh7 30. Bf3 Ra6 31. Qd4 Qxb4 32. c5 Qb5 33. c6 1-0


[Site "https://www.chess.com"]

[Event "Titled Tuesday Blitz January 17 Early 2023"]
[White "Domingo Nunez, Ruben"]
[Black "Qashashvili, Alexandre"]
[WhiteFideId "22245570"]
[BlackFideId "13600842"]
[WhiteElo "2416"]
[BlackElo "2505"]
[Result "1-0"]
[Round "03"]
[TimeControl "180+2"]
[Date "2023.01.17"]
[WhiteClock "0:00:10"]
[BlackClock "0:00:03"]

1. e4 c6 2. Nf3 d5 3. Nc3 dxe4 4. Nxe4 Nd7 5. Qe2 Ndf6 6. b3 Nxe4 7. Qxe4 Nf6 8. Qh4 Bf5 9. Bb2 e6 10. h3 Bxc2 11. Bc4 Bd3 12. Bxd3 Qxd3 13. Bxf6 gxf6 14. Qxf6 Rg8 15. Qxf7+ Kxf7 16. Ne5+ Kf6 17. Nxd3 Rxg2 18. Kf1 Rg5 19. Ke2 Bd6 20. Rhg1 Rag8 21. Rxg5 Rxg5 22. Rh1 h5 23. Nb2 Re5+ 24. Kd1 Rf5 25. Ke2 Re5+ 26. Kd1 Rf5 27. Nd3 Rd5 28. Ke2 Rf5 29. f3 Rg5 30. Nf2 Rg2 31. Kf1 Rg7 32. Ne4+ Ke5 33. d4+ Kd5 34. Kf2 Be7 35. Rd1 e5 36. dxe5+ Kxe5 37. Ke3 Ke6 38. Rd2 Bg5+ 39. f4 Be7 40. Kf3 Rg1 41. Ng3 h4 42. Re2+ Kf6 43. Ne4+ Kf7 44. f5 c5 45. Kf4 b5 46. Ke5 c4 47. bxc4 bxc4 48. Rc2 Ra1 49. f6 Bd8 50. Nd6+ Kf8 51. Re2 Rf1 52. Ne4 c3 53. Rc2 Rf3 54. Rxc3 Rxc3 55. Nxc3 Kf7 56. Kf5 a5 57. Ne4 a4 58. Ng5+ Kf8 59. Ne6+ Ke8 60. Nxd8 Kxd8 61. Kg6 Kd7 62. Kg7 Ke6 63. f7 Kd5 64. f8=Q Kc4 65. Qa3 Kb5 66. Qe3 Kb4 67. Qf4+ Ka3 68. Qxh4 Kb2 69. Qxa4 Ka1 70. Qb5 1-0


[Site "https://www.chess.com"]

[Event "Titled Tuesday Blitz January 17 Early 2023"]
[White "Wagner, Dennis"]
[Black "Gatterer, Florian"]
[WhiteFideId "24650684"]
[BlackFideId "811688"]
[WhiteElo "2595"]
[BlackElo "2170"]
[Result "1-0"]
[Round "03"]
[TimeControl "180+2"]
[Date "2023.01.17"]
[WhiteClock "0:00:06"]
[BlackClock "0:00:13"]

1. d4 Nf6 2. Nf3 d5 3. c4 e6 4. g3 dxc4 5. Bg2 c5 6. O-O Nc6 7. dxc5 Qxd1 8. Rxd1 Bxc5 9. Nfd2 Na5 10. Na3 c3 11. bxc3 O-O 12. Nb3 Bb6 13. Nxa5 Bxa5 14. Nc4 Bxc3 15. Rb1 e5 16. Ba3 Re8 17. Nd6 Rd8 18. h3 h6 19. e3 Rb8 20. g4 Ba5 21. Rdc1 Bb6 22. Nxc8 Rdxc8 23. Bd6 Rxc1+ 24. Rxc1 Re8 25. Bxb7 e4 26. a4 Re6 27. Rc8+ Kh7 28. Bg3 Re7 29. Bc6 Re6 30. Kg2 g5 31. Bb7 Re7 32. Ba6 Re6 33. Bc4 Re7 34. Rf8 Kg7 35. Rc8 Rd7 36. Bb3 Re7 37. Bd6 Rd7 38. Be5 Re7 39. Bc3 Kg6 40. Rc6 1-0


[Site "https://www.chess.com"]

[Event "Titled Tuesday Blitz January 17 Early 2023"]
[White "Tsotsonava, Elene"]
[Black "Srihari L R"]
[WhiteFideId "13615939"]
[BlackFideId "46617116"]
[WhiteElo "2053"]
[BlackElo "2416"]
[Result "0-1"]
[Round "03"]
[TimeControl "180+2"]
[Date "2023.01.17"]
[WhiteClock "0:00:02"]
[BlackClock "0:00:08"]

1. e4 c5 2. Nf3 Nf6 3. Nc3 d6 4. d4 cxd4 5. Nxd4 Nc6 6. Bg5 e6 7. Qd2 Be7 8. O-O-O a6 9. f4 Qc7 10. Be2 Bd7 11. Bf3 Rc8 12. Kb1 b5 13. Nxc6 Bxc6 14. e5 Bxf3 15. gxf3 dxe5 16. fxe5 Nd7 17. Bxe7 Kxe7 18. Qg5+ Kf8 19. Rhg1 Rg8 20. f4 b4 21. Ne4 Qxc2+ 22. Ka1 h6 23. Qg3 Qxe4 24. Rxd7 g5 25. Qh3 Rg6 26. fxg5 Qxe5 27. Rf1 Qf5 28. Qxf5 exf5 29. gxh6 Rxh6 30. Rd5 Rxh2 31. Rdxf5 Rc7 32. Kb1 a5 33. R5f2 Rxf2 34. Rxf2 Rc5 35. a3 bxa3 36. bxa3 Ke7 37. Kb2 f5 38. Kb3 Kf6 39. Rh2 Kg5 40. Rg2+ Kf4 41. Rg8 Ke3 42. Re8+ Kf3 43. Rf8 f4 44. a4 Re5 45. Kc4 Ke3 46. Rb8 f3 47. Rb3+ Kf4 48. Rb1 f2 49. Rf1 Kf3 50. Kd4 Re1 51. Rxf2+ Kxf2 52. Kc4 Rb1 53. Kc5 Rb4 0-1


[Site "https://www.chess.com"]

[Event "Titled Tuesday Blitz January 17 Early 2023"]
[White "Msellek, Ilyass"]
[Black "Luong Phuong Hanh"]
[WhiteFideId "675938"]
[BlackFideId "12401013"]
[WhiteElo "2420"]
[BlackElo "2029"]
[Result "1-0"]
[Round "03"]
[TimeControl "180+2"]
[Date "2023.01.17"]
[WhiteClock "0:00:22"]
[BlackClock "0:00:05"]

1. d4 Nf6 2. Nf3 g6 3. Bg5 Bg7 4. Nbd2 d5 5. e3 O-O 6. Bd3 c5 7. c3 cxd4 8. exd4 Nc6 9. O-O Qc7 10. Qe2 Re8 11. Rae1 Bd7 12. h3 a6 13. Nb3 h6 14. Bh4 Nh5 15. Bb1 e5 16. dxe5 Nxe5 17. Nxe5 Rxe5 18. Qd2 Rae8 19. Rxe5 Qxe5 20. Nd4 g5 21. Bg3 Nxg3 22. fxg3 Qxg3 23. Nf5 Bxf5 24. Bxf5 Qe3+ 25. Qxe3 Rxe3 26. Kf2 d4 27. c4 Re5 28. Bd3 Re3 29. Rd1 Be5 30. b4 Bg3+ 31. Kf1 h5 32. Be2 Ra3 33. Rxd4 Rxa2 34. Bxh5 Rf2+ 35. Kg1 Rb2 36. Kf1 Rxb4 37. Rd7 f6 38. Ke2 Be5 39. Kf3 Kh8 40. Ke4 Rxc4+ 41. Kf5 Rc7 42. Rd8+ Kg7 43. Bf3 Re7 44. Bd5 Kh7 45. Ra8 Bd4 46. Be6 Rc7 47. g3 Rc5+ 48. Kg4 Rc7 49. Kh5 Re7 50. Bd5 f5 51. Kxg5 Be5 52. g4 f4 53. h4 Bd6 54. Kf6 Rc7 55. Be4+ Kh6 56. Rh8+ 1-0


[Site "https://www.chess.com"]

[Event "Titled Tuesday Blitz January 17 Early 2023"]
[White "Duda, Jan-Krzysztof"]
[Black "surrenderPLS"]
[WhiteFideId "1170546"]
[WhiteElo "2724"]
[BlackElo "2491"]
[Result "1-0"]
[Round "03"]
[TimeControl "180+2"]
[Date "2023.01.17"]
[WhiteClock "0:00:20"]
[BlackClock "0:00:06"]

1. b3 Nf6 2. Bb2 g6 3. Bxf6 exf6 4. d4 Bg7 5. e3 O-O 6. c4 f5 7. Ne2 d5 8. cxd5 Qxd5 9. Nbc3 Qa5 10. Rc1 c5 11. g3 cxd4 12. exd4 Nc6 13. Bg2 Rd8 14. d5 Nb4 15. O-O Nxa2 16. Nxa2 Qxa2 17. Rc7 Bd7 18. Rxb7 Rab8 19. Rxb8 Rxb8 20. Nd4 Bxd4 21. Qxd4 Qxb3 22. h4 Qb6 23. Qf4 h5 24. Re1 Re8 25. Rxe8+ Bxe8 26. Qe5 Qd8 27. d6 a5 28. Bd5 a4 29. Kg2 Qd7 30. Kf3 Qd8 31. Kf4 Qd7 32. Kg5 Kh7 33. Kf6 a3 34. Qe7 a2 35. Bxa2 Qa4 36. Bxf7 Qd4+ 37. Qe5 Qxe5+ 38. Kxe5 Ba4 39. Kf6 1-0


[Site "https://www.chess.com"]

[Event "Titled Tuesday Blitz January 17 Early 2023"]
[White "Sadhwani, Raunak"]
[Black "Cella, Glaucio Dalla Cortt"]
[WhiteFideId "35093487"]
[BlackFideId "2119455"]
[WhiteElo "2627"]
[BlackElo "1894"]
[Result "1-0"]
[Round "03"]
[TimeControl "180+2"]
[Date "2023.01.17"]
[WhiteClock "0:02:33"]
[BlackClock "0:00:49"]

1. b3 d5 2. Bb2 c5 3. Nf3 Nc6 4. e3 f6 5. d4 cxd4 6. exd4 Bg4 7. Nbd2 e5 8. dxe5 fxe5 9. Be2 e4 10. Nd4 Bxe2 11. Qxe2 Nxd4 12. Bxd4 Nf6 13. O-O Bd6 14. Bxf6 gxf6 15. Qh5+ Kf8 16. Rad1 Be5 17. Nxe4 Qe8 18. Qh6+ Kf7 19. Rxd5 Bxh2+ 20. Qxh2 Qxe4 21. Qh5+ Qg6 22. Rd7+ Ke8 23. Qd5 Kf8 24. Qd6+ Kg8 25. Qe6+ Kf8 26. Qe7+ Kg8 27. Rfd1 Rf8 28. Rd8 Qf7 29. Rxf8+ Qxf8 30. Rd8 Qxd8 31. Qxd8+ Kg7 32. Qc7+ Kg6 33. Qxb7 Rd8 34. c4 h5 35. Kh2 h4 36. c5 h3 37. gxh3 f5 38. c6 Rd2 39. c7 a5 40. c8=Q a4 41. Qe8+ Kg5 42. Qbe7+ Kf4 43. Qe3# 1-0


[Site "https://www.chess.com"]

[Event "Titled Tuesday Blitz January 17 Early 2023"]
[White "Kamalidenova, Meruert"]
[Black "Narayanan.S.L"]
[WhiteFideId "13712802"]
[BlackFideId "5058422"]
[WhiteElo "2350"]
[BlackElo "2660"]
[Result "0-1"]
[Round "03"]
[TimeControl "180+2"]
[Date "2023.01.17"]
[WhiteClock "0:00:11"]
[BlackClock "0:01:29"]

1. e4 c5 2. Nf3 d6 3. Bb5+ Nd7 4. Ba4 a6 5. c4 Nf6 6. O-O e6 7. Re1 Be7 8. Nc3 O-O 9. d4 cxd4 10. Nxd4 Qc7 11. Qe2 Ne5 12. Bb3 Nc6 13. Be3 Nxd4 14. Bxd4 e5 15. Be3 Be6 16. Rac1 Rac8 17. Bg5 h6 18. Bxf6 Bxf6 19. Rcd1 Rfd8 20. Nd5 Bxd5 21. Rxd5 b6 22. Red1 Be7 23. g3 Bf8 24. Kg2 g6 25. a3 h5 26. Ba2 Kg7 27. b4 a5 28. Qb2 axb4 29. axb4 h4 30. Bb3 Kg8 31. R5d3 Qd7 32. Rf3 Qg4 33. Qe2 h3+ 34. Kg1 Rd7 35. Re1 Qg5 36. Qa2 Rcc7 37. Qa6 Qd2 38. Rfe3 Qxb4 39. f4 Qc5 40. Qa2 Bg7 41. Qf2 exf4 42. gxf4 Bd4 43. Kf1 b5 44. Qd2 bxc4 45. Bc2 Bxe3 46. Rxe3 c3 47. Qf2 Qc4+ 48. Ke1 Ra7 49. Qh4 Ra1+ 50. Bd1 c2 0-1


[Site "https://www.chess.com"]

[Event "Titled Tuesday Blitz January 17 Early 2023"]
[White "Bortnyk, Mykola"]
[Black "Cappai, Davide"]
[WhiteFideId "14120836"]
[BlackFideId "813338"]
[WhiteElo "2425"]
[BlackElo "2140"]
[Result "1-0"]
[Round "03"]
[TimeControl "180+2"]
[Date "2023.01.17"]
[WhiteClock "0:00:27"]
[BlackClock "0:00:42"]

1. e4 c5 2. c3 Nf6 3. e5 Nd5 4. Nf3 g6 5. d4 cxd4 6. Qb3 Nb6 7. a4 d6 8. a5 N6d7 9. cxd4 dxe5 10. Bc4 e6 11. O-O Bg7 12. Bg5 Bf6 13. Bxf6 Qxf6 14. dxe5 Qe7 15. Nc3 O-O 16. Ne4 Nc6 17. Qc3 Qb4 18. Qxb4 Nxb4 19. Rfd1 Nb8 20. Rd6 N8c6 21. Ra4 Kg7 22. g4 h6 23. h4 Rb8 24. g5 b5 25. axb6 axb6 26. gxh6+ Kxh6 27. Bb5 Bb7 28. Nf6 Rbc8 29. Rd7 Ba8 30. Bxc6 Bxc6 31. Rxb4 Bxd7 32. Nxd7 Rc1+ 33. Kg2 Rd8 34. Nf6 Rc6 35. Ng5 Kg7 36. Ng4 Rd2 37. Rf4 Rc7 38. b4 Rb2 39. Ne3 Re2 40. Ne4 Rc3 41. Nxc3 1-0


[Site "https://www.chess.com"]

[Event "Titled Tuesday Blitz January 17 Early 2023"]
[White "Jimenez Almeida, Luis David"]
[Black "Esipenko, Andrey"]
[WhiteFideId "22242244"]
[BlackFideId "24175439"]
[WhiteElo "2242"]
[BlackElo "2679"]
[Result "0-1"]
[Round "03"]
[TimeControl "180+2"]
[Date "2023.01.17"]
[WhiteClock "0:00:04"]
[BlackClock "0:00:04"]

1. e4 Nc6 2. d4 d5 3. e5 Bf5 4. Nf3 e6 5. Bd3 Nge7 6. h3 Qd7 7. c3 f6 8. Bf4 Ng6 9. Bh2 Bxd3 10. Qxd3 fxe5 11. dxe5 Bc5 12. h4 O-O 13. Nbd2 Rf5 14. O-O-O Ncxe5 15. Nxe5 Nxe5 16. Qe2 Nc6 17. Ne4 Be7 18. g4 Rff8 19. g5 Qe8 20. Nd2 Bd6 21. Bxd6 cxd6 22. Rde1 Ne5 23. Kb1 Qa4 24. Ka1 Qf4 25. f3 b5 26. Nb3 b4 27. cxb4 Qxb4 28. g6 h6 29. Rhf1 Rf4 30. Qa6 Qb6 31. Qe2 a5 32. Qd2 Rf6 33. Nd4 a4 34. f4 Nc4 35. Qc3 e5 36. fxe5 dxe5 37. Nf5 Qe6 38. Qd3 e4 39. Qxd5 Qxd5 40. Ne7+ Kh8 41. Nxd5 Rxg6 42. Rf4 Nd6 43. a3 Re6 44. Re3 Re5 45. Nc3 Rae8 46. Ka2 g5 47. hxg5 hxg5 48. Rg4 Kg7 49. Nxa4 Nf7 50. Nc3 Nd6 51. a4 Kg6 52. Rgg3 Nf5 53. Rh3 Nxe3 54. Rxe3 Kf5 55. b4 Kf4 56. Re1 e3 57. a5 Kf3 58. Kb3 e2 59. a6 g4 60. b5 R5e6 61. a7 Ra8 62. Rxe2 Rxe2 63. b6 Re7 64. Nd5 Rb7 65. Kc4 Raxa7 66. bxa7 Rxa7 67. Nf6 Rf7 68. Nh5 Rf5 69. Kd4 Rxh5 0-1


[Site "https://www.chess.com"]

[Event "Titled Tuesday Blitz January 17 Early 2023"]
[White "Dominguez Perez, Leinier"]
[Black "Balabayeva, Xeniya"]
[WhiteFideId "3503240"]
[BlackFideId "13719688"]
[WhiteElo "2739"]
[BlackElo "2191"]
[Result "1-0"]
[Round "03"]
[TimeControl "180+2"]
[Date "2023.01.17"]
[WhiteClock "0:00:22"]
[BlackClock "0:00:03"]

1. d4 d5 2. Nf3 Nf6 3. e3 e6 4. Nbd2 c5 5. b3 Nc6 6. Bb2 Bd6 7. dxc5 Bxc5 8. a3 a5 9. Bd3 Qe7 10. c4 dxc4 11. Nxc4 b6 12. O-O O-O 13. Qc2 h6 14. Nxb6 Bxb6 15. Qxc6 Rb8 16. Be5 Qb7 17. Qa4 Bd7 18. Qh4 Bd8 19. Bxb8 Qxb8 20. Qc4 Bc7 21. b4 axb4 22. axb4 Bd6 23. b5 Rc8 24. Qb3 Bc6 25. Rfc1 Bxf3 26. Rxc8+ Qxc8 27. gxf3 Be5 28. Rb1 Nd5 29. f4 Bb8 30. Qc4 g5 31. Qxc8+ 1-0


[Site "https://www.chess.com"]

[Event "Titled Tuesday Blitz January 17 Early 2023"]
[White "Predke, Alexandr"]
[Black "Danielyan, Vahe"]
[WhiteFideId "24107581"]
[BlackFideId "13304828"]
[WhiteElo "2685"]
[BlackElo "2346"]
[Result "1-0"]
[Round "03"]
[TimeControl "180+2"]
[Date "2023.01.17"]
[WhiteClock "0:01:49"]
[BlackClock "0:00:53"]

1. d4 Nf6 2. c4 g6 3. Nc3 d5 4. Nf3 Bg7 5. Bg5 Ne4 6. Bf4 Nxc3 7. bxc3 O-O 8. cxd5 Qxd5 9. e3 c5 10. Be2 cxd4 11. cxd4 Nc6 12. O-O Rd8 13. Qa4 Bd7 14. Qa3 Rac8 15. Rac1 Be8 16. Rc5 Qd7 17. Rfc1 e6 18. Qb2 b6 19. R5c3 Qb7 20. h4 Ne7 21. Rc7 Rxc7 22. Rxc7 Qxc7 1-0


[Site "https://www.chess.com"]